 Dungeon Crawl Stone Soup version 0.30.2 (webtiles) character file.

Game seed: 17204857747950423108

4008 Ashen the Thaumaturge (level 10, -4/74 HPs)
             Began as a Gnoll Hedge Wizard on Jan 29, 2024.
             Was a Believer of Sif Muna.
             Slain by a vampire mosquito (9 damage)
             ... on level 7 of the Dungeon.
             The game lasted 00:30:56 (9434 turns).

Ashen the Thaumaturge (Gnoll Hedge Wizard)          Turns: 9434, Time: 00:31:03

Health: -4/74      AC:  3    Str: 10    XL:     10   Next: 23%
Magic:  10/23      EV: 16    Int: 17    God:    Sif Muna [**....]
Gold:   434        SH:  5    Dex: 18    Spells: 21/27 levels left

rFire   . . .        x - +2 trident (venom)
rCold   . . .        (no shield)
rNeg    . . .        y - +0 robe {Will+}
rPois   .            c - +0 hat
rElec   .            D - +0 cloak
rCorr   .            (no gloves)
SInv    .            (no boots)
Will    +....        C - amulet of reflection
Stlth   ++++         A - +6 ring of dexterity
HPRegen 0.32/turn    (no ring)
MPRegen 0.18/turn

%: reflection
@: lethally poisoned (-4 -> -4)
A: fangs 1, strong nose, distributed training
a: Renounce Religion, Channel Magic


You were on level 7 of the Dungeon.
You worshipped Sif Muna.
Sif Muna was pleased with you.
You visited 2 branches of the dungeon, and saw 8 of its levels.

You collected 434 gold pieces.

Inventory:

Hand Weapons
 j - a +2 short sword of venom
 u - a +2 whip of flaming
 x - a +2 trident of venom (weapon)
Missiles
 z - 5 atropa-tipped darts
Armour
 c - a +0 hat (worn)
 y - a +0 robe of willpower (worn)
 D - a +0 cloak (worn)
Jewellery
 A - a +6 ring of dexterity (left hand)
 C - an amulet of reflection (around neck)
Wands
 p - a wand of digging (5)
 t - a wand of flame (22)
 B - a wand of iceblast (9)
Scrolls
 g - 8 scrolls of identify {unknown}
 h - a scroll of summoning {unknown}
 i - 3 scrolls of teleportation {unknown}
 k - a scroll of vulnerability {unknown}
 m - a scroll of magic mapping {unknown}
 n - 2 scrolls of immolation {unknown}
 s - 3 scrolls of fog {unknown}
 v - 2 scrolls of noise {unknown}
 w - a scroll of poison {unknown}
 E - a scroll of blinking {unknown}
 F - a scroll of fear {unknown}
Potions
 a - a potion of cancellation
 b - 4 potions of heal wounds {unknown}
 d - 2 potions of magic
 e - 3 potions of mutation {unknown}
 f - a potion of flight
 l - a potion of attraction {unknown}
 o - 2 potions of degeneration {unknown}
 q - a potion of brilliance {unknown}
 r - a potion of berserk rage {unknown}


   Skills:
 + Level 5.2 Fighting
 + Level 5.2 Short Blades
 + Level 5.2 Long Blades
 + Level 5.2 Axes
 + Level 5.2 Maces & Flails
 + Level 5.2 Polearms
 + Level 5.2 Staves
 + Level 5.2 Ranged Weapons
 + Level 5.2 Throwing
 + Level 5.2 Armour
 + Level 7.1 Dodging
 + Level 6.8 Stealth
 + Level 5.2 Shields
 + Level 5.2 Unarmed Combat
 + Level 9.0 Spellcasting
 + Level 4.9 Conjurations
 + Level 4.3 Hexes
 + Level 4.9 Summonings
 + Level 4.3 Necromancy
 + Level 4.9 Translocations
 + Level 4.3 Transmutations
 + Level 4.3 Fire Magic
 + Level 4.3 Ice Magic
 + Level 4.3 Air Magic
 + Level 4.3 Earth Magic
 + Level 4.3 Poison Magic
 + Level 5.8 Invocations
 + Level 5.2 Evocations


You had 21 spell levels left.
You knew the following spells:

 Your Spells              Type           Power      Damage    Failure   Level
a - Magic Dart            Conj           96%        1d7       1%          1
b - Blink                 Tloc           48%        N/A       1%          2
c - Mephitic Cloud        Conj/Pois/Air  23%        N/A       4%          3

Your spell library contained the following spells:

 Spells                   Type           Power      Damage    Failure   Level
 Shock                    Conj/Air       92%        1d8       1%          1
 Slow                     Hex            88%        N/A       1%          1
 Call Imp                 Summ           48%        N/A       1%          2
 Cigotuvi's Dreadful Rot  Necr/Pois/Air  44%        N/A       2%          2
 Swiftness                Air            22%        N/A       4%          3
 Airstrike                Air            11%        2d(2-18)  16%         4


Dungeon Overview and Level Annotations

Branches:
Dungeon (7/15)             Temple (1/1) D:4

Altars:
Ashenzari
Cheibriados
Dithmenos
Elyvilon
Fedhas
Gozag
Hepliaklqana
Kikubaaqudgha
Makhleb
Nemelex Xobeh
Okawaru
Qazlal
Ru
Sif Muna
Vehumet
Wu Jian
Xom
Yredelemnul
Zin
The Shining One

Portals:
Abyss: D:5

Annotations:
D:5 2 transporters, GregS11's ghost, novice DrBe
D:7 2 transporters, mememasterpepo's ghost, journeyman HuFi


Innate Abilities, Weirdness & Mutations

You have very sharp teeth.
Your uncanny sense of smell can sniff out nearby items.
Your experience applies equally to all skills.


Message History

Confirm with . or Enter, or press ? or * to list all spells.
Aiming: Magic Dart (safe; 1% risk of failure)
Press: ? - help, Shift-Dir - straight line, f - vampire mosquito
Aim: a vampire mosquito (moderately damaged, 100% to hit)
The magic dart hits the vampire mosquito.
The vampire mosquito is heavily damaged.
You feel sick.
You block the vampire mosquito's attack.
The vampire mosquito bites you.
* * * LOW HITPOINT WARNING * * *
The vampire mosquito draws strength from your injuries!
Unknown command.
Unknown command.
Unknown command.
Casting: Magic Dart (safe; 1% risk of failure)
Confirm with . or Enter, or press ? or * to list all spells.
Aiming: Magic Dart (safe; 1% risk of failure)
Press: ? - help, Shift-Dir - straight line, f/p - vampire mosquito
Aim: a vampire mosquito (moderately damaged, 100% to hit)
The magic dart hits the vampire mosquito.
The vampire mosquito is heavily damaged.
You feel stable enough to blink again.
You feel sick. The vampire mosquito bites you.
* * * LOW HITPOINT WARNING * * *
The vampire mosquito draws strength from your injuries!
The vampire mosquito bites you but does no damage.
It was a potion of flight.
You feel very buoyant.
You fly up into the air.
You feel sick.
The vampire mosquito completely misses you.
The vampire mosquito bites you.
* * * LOW HITPOINT WARNING * * *
The vampire mosquito draws strength from your injuries!
It was a potion of cancellation.
Your magical effects are unravelling.
You feel magically purged.
Your magical contamination has completely faded away.
You float gracefully downwards.
You feel sick. The vampire mosquito misses you. The vampire mosquito bites you!
You die...

.......#.##.#####.#...#
###....#.##..####.#...#
......................#
..#.#.##.#..#.#####...#
..#.#.##.##...)>###...##
......##.####).........#
.##....................#
.##..###.####..........#
.##......####...@y.....#
##...##........#....†..#
#################...)..#
♣)♣♣ #.. .Y#......#
...♣# ∆#.♣ ♣.#......#
#÷#.# #.♣ ♣.#.#.####
#†#.#.♣♣♣.#.♣ ♣.#Y#.#
#.#.#♣..5♣#.♣ ♣.#.#.#
#.#.#♣...♣#S♣♣♣.#.#.#


You could see a vampire mosquito and a sky beast.

Vanquished Creatures
  Pikel (Temple)
  Edmund (D:6)
  A water moccasin (D:7)
  5 sky beasts
  A black bear (D:7)
  6 ogres
  An orc warrior (D:7)
  2 centaurs
  2 phantoms
  A kobold brigand (D:7)
  3 bullfrogs (D:7)
  A gnoll sergeant (D:6)
  5 scorpions
  6 wights
  2 howler monkeys
  5 hounds
  2 jellies (D:5)
  3 orc priests
  2 sleepcaps
  7 iguanas
  4 orc wizards
  Robin (D:4)
  5 adders
  8 gnolls
  A white imp (D:5)
  3 ufetubi
  A worm (D:5)
  A dart slug (D:5)
  17 orcs
  5 endoplasms
  4 giant cockroaches
  17 goblins
  9 hobgoblins
  10 jackals
  3 quokkas
  5 ball pythons
  6 bats
  4 frilled lizards
  5 kobolds
  12 rats
178 creatures vanquished.

Notes
Turn   | Place    | Note
-------+----------+-------------------------------------------
     0 | D:1      | Ashen the Gnoll Hedge Wizard began the quest for the Orb.
     0 | D:1      | Reached XP level 1. HP: 13/13 MP: 8/8
   250 | D:1      | Reached XP level 2. HP: 19/19 MP: 7/10
   804 | D:1      | Reached XP level 3. HP: 19/25 MP: 11/11
   837 | D:1      | Learned a level 2 spell: Blink
   841 | D:1      | Learned a level 3 spell: Mephitic Cloud
  1210 | D:1      | Reached skill level 1 in Invocations
  1479 | D:2      | Reached skill level 1 in Fighting
  1479 | D:2      | Reached skill level 1 in Short Blades
  1479 | D:2      | Reached skill level 1 in Long Blades
  1479 | D:2      | Reached skill level 1 in Axes
  1479 | D:2      | Reached skill level 1 in Maces & Flails
  1479 | D:2      | Reached skill level 1 in Polearms
  1479 | D:2      | Reached skill level 1 in Staves
  1479 | D:2      | Reached skill level 1 in Ranged Weapons
  1479 | D:2      | Reached skill level 1 in Throwing
  1479 | D:2      | Reached skill level 1 in Armour
  1479 | D:2      | Reached skill level 1 in Shields
  1479 | D:2      | Reached skill level 1 in Unarmed Combat
  1479 | D:2      | Reached skill level 1 in Evocations
  1960 | D:2      | Reached XP level 4. HP: 28/32 MP: 13/13
  2183 | D:3      | Reached skill level 1 in Hexes
  2183 | D:3      | Reached skill level 1 in Necromancy
  2183 | D:3      | Reached skill level 1 in Transmutations
  2183 | D:3      | Reached skill level 1 in Fire Magic
  2183 | D:3      | Reached skill level 1 in Ice Magic
  2183 | D:3      | Reached skill level 1 in Air Magic
  2183 | D:3      | Reached skill level 1 in Earth Magic
  2183 | D:3      | Reached skill level 1 in Poison Magic
  2439 | D:4      | Noticed an ogre
  2465 | D:4      | Killed an ogre
  2466 | D:4      | Reached XP level 5. HP: 38/38 MP: 8/14
  2528 | D:4      | HP: 1/38 [sleepcap (8)]
  2652 | D:4      | Reached XP level 6. HP: 38/44 MP: 4/16
  2962 | D:4      | Reached skill level 5 in Dodging
  3013 | D:4      | Noticed Robin
  3096 | D:4      | Noticed Pikel
  3100 | D:4      | Found a staircase to the Ecumenical Temple.
  3110 | Temple   | Entered the Ecumenical Temple
  3145 | Temple   | Killed Pikel
  3146 | Temple   | Reached skill level 5 in Stealth
  3146 | Temple   | Reached XP level 7. HP: 10/51 MP: 1/18
  3158 | Temple   | Became a worshipper of Sif Muna the Loreminder
  3748 | D:4      | Killed Robin
  3997 | D:5      | Entered Level 5 of the Dungeon
  4006 | D:5      | Reached XP level 8. HP: 58/58 MP: 16/19
  4682 | D:5      | Reached skill level 8 in Spellcasting
  4996 | D:5      | Reached * piety under Sif Muna
  5032 | D:5      | Found a one-way gate to the infinite horrors of the Abyss.
  5032 | D:5      | Noticed GregS11's ghost (novice DrBe)
  5036 | D:5      | Found a transporter.
  5200 | D:5      | Found a transporter.
  6024 | D:6      | Reached XP level 9. HP: 64/65 MP: 13/21
  7086 | D:6      | Noticed Edmund
  7155 | D:6      | Killed Edmund
  7857 | D:7      | Reached skill level 5 in Invocations
  8271 | D:7      | Found an iron altar of Okawaru.
  8271 | D:7      | Found a shadowy altar of Dithmenos.
  8474 | D:7      | Noticed a komodo dragon
  8482 | D:7      | Noticed mememasterpepo's ghost (journeyman HuFi)
  8536 | D:7      | Reached ** piety under Sif Muna
  8798 | D:7      | Noticed a troll
  8877 | D:7      | Reached skill level 5 in Fighting
  8877 | D:7      | Reached skill level 5 in Short Blades
  8877 | D:7      | Reached skill level 5 in Long Blades
  8877 | D:7      | Reached skill level 5 in Axes
  8877 | D:7      | Reached skill level 5 in Maces & Flails
  8877 | D:7      | Reached skill level 5 in Polearms
  8877 | D:7      | Reached skill level 5 in Staves
  8877 | D:7      | Reached skill level 5 in Ranged Weapons
  8877 | D:7      | Reached skill level 5 in Throwing
  8877 | D:7      | Reached skill level 5 in Armour
  8877 | D:7      | Reached skill level 5 in Shields
  8877 | D:7      | Reached skill level 5 in Unarmed Combat
  8877 | D:7      | Reached skill level 5 in Evocations
  8877 | D:7      | Reached XP level 10. HP: 51/74 MP: 11/22
  8949 | D:7      | Found a transporter.
  8961 | D:7      | Found a transporter.
  9277 | D:7      | Reached skill level 9 in Spellcasting
  9434 | D:7      | Slain by a vampire mosquito

Illustrated notes

Levels and vault maps discovered:
D:1:      nzn_arrival_water_spiral, layout_basic, serial_forest,
          infiniplex_forest_straight_1, infiniplex_forest_end_double,
          infiniplex_forest_lined_3, infiniplex_forest_end_2,
          infiniplex_forest_corner_1, infiniplex_forest_fountain,
          infiniplex_forest_lined_room_, infiniplex_forest_straight_3,
          infiniplex_forest_straight_4, minmay_rat_gold_closets
D:2:      layout_rooms
D:3:      layout_rooms
D:4:      layout_rooms, minmay_temple_entry_waves, uniq_robin, uniq_pikel
D:5:      layout_layer_cave, gammafunk_ghost_abyssal_escape,
          guppyfry_early_lair_pool
D:6:      layout_basic, uniq_edmund
D:7:      nzn_winding_woodlands_three_and_one
          [nzn_winding_woodlands_5x15_concentric,
          nzn_winding_woodlands_5x15_zeroes,
          nzn_winding_woodlands_5x15_longhouse,
          nzn_winding_woodlands_center_pierced_h], layout_rooms,
          mainiacjoe_overflow_large_starburst, gammafunk_ghost_arena
Temple:   eino_narrow_crystal_temple

Skill      XL: |  1  2  3  4  5  6  7  8  9 10 |
---------------+-------------------------------+-----
Conjurations   | 2 3 4 |  4.9
Summonings     | 2 3 4 |  4.9
Translocations | 2 3 4 |  4.9
Invocations    | 1 2 3 4 5 |  5.8
Fighting       | 1 2 3 5 |  5.2
Short Blades   | 1 2 3 5 |  5.2
Long Blades    | 1 2 3 5 |  5.2
Axes           | 1 2 3 5 |  5.2
Maces & Flails | 1 2 3 5 |  5.2
Polearms       | 1 2 3 5 |  5.2
Staves         | 1 2 3 5 |  5.2
Ranged Weapons | 1 2 3 5 |  5.2
Throwing       | 1 2 3 5 |  5.2
Armour         | 1 2 3 5 |  5.2
Shields        | 1 2 3 5 |  5.2
Unarmed Combat | 1 2 3 5 |  5.2
Evocations     | 1 2 3 5 |  5.2
Hexes          | 1 2 3 4 |  4.3
Necromancy     | 1 2 3 4 |  4.3
Transmutations | 1 2 3 4 |  4.3
Fire Magic     | 1 2 3 4 |  4.3
Ice Magic      | 1 2 3 4 |  4.3
Air Magic      | 1 2 3 4 |  4.3
Earth Magic    | 1 2 3 4 |  4.3
Poison Magic   | 1 2 3 4 |  4.3
Dodging        | 5 6 7 |  7.1
Stealth        | 5 6 |  6.8
Spellcasting   | 8 9 |  9.0

Action                     |  1- 3 |  4- 6 |  7- 9 | 10-12 || total
---------------------------+-------+-------+-------+-------++-------
  Melee: Short sword       |    69 |    51 |   113 |       ||   233
         Dagger            |     2 |       |       |       ||     2
         Bite              |     1 |     5 |    25 |     1 ||    32
         Punch             |       |       |     5 |     1 ||     6
         Trident           |       |       |    92 |    30 ||   122
   Cast: Magic Dart        |    46 |    53 |   255 |    54 ||   408
         Mephitic Cloud    |       |     6 |    26 |     4 ||    36
         Blink             |       |     3 |     9 |     8 ||    20
 Invoke: Channel Magic     |       |       |       |     1 ||     1
  Evoke: Wand              |       |     6 |       |     1 ||     7
    Use: Potion            |       |       |       |     2 ||     2
   Stab: Sleeping          |     8 |     2 |     4 |       ||    14
         Confused          |       |       |     9 |     5 ||    14
 Armour: Robe              |     4 |       |    14 |     9 ||    27
         Leather armour    |    16 |     9 |    12 |       ||    37
  Dodge: Dodged            |    69 |    26 |   140 |    35 ||   270
  Block: Other             |       |       |    15 |     9 ||    24
         Reflection        |       |       |     1 |       ||     1
